BSA
FRESNO DEPLORABLES @ AUSTIN RIVER SHARKS
09/05/2026
 
TOP OF THE 1ST
Portland Cards batting - Pitching for Austin River Sharks : RHP Juan González
Pitching: RHP Juan González
Batting: LHB John Cotton 0-0: Ball
1-0: Foul Ball, location: 2F
1-1: Called Strike
1-2: Foul Ball, location: 2F
1-2: Ball
2-2: Ball
3-2: Foul Ball, location: 2F
3-2: Base on Balls
Batting: LHB Keith Beard 0-0: Ball
1-0: Ball
2-0: Ball
3-0: Called Strike
3-1: DOUBLE (Flyball, 9M)
John Cotton to third
Batting: LHB Jeff Daniels 0-0: Ball
1-0: Called Strike
1-1: Ball
2-1: Ball
3-1: Foul Ball, location: 2F
3-2: Base on Balls
Batting: LHB Paul Mullins 0-0: Called Strike
0-1: Fly out, F9 (Line Drive, 89M)
Runner from 3rd tags up, SCORES, no throw
Batting: LHB Donovan Bird 0-0: Ball
1-0: 3-RUN HOME RUN (Flyball, 78XD), Distance : 406 ft
Batting: RHB Aaron Scott 0-0: Swinging Strike
0-1: Ball
1-1: DOUBLE (Flyball, 89D)
Batting: LHB Tom Blake 0-0: Foul Ball, location: 2F
0-1: Ball
1-1: Called Strike
1-2: SINGLE (Line Drive, 6D)
Aaron Scott to third
Batting: RHB Germán Rosales 0-0: Ball
1-0: Foul Ball, location: 2F
1-1: Ball
2-1: Foul Ball, location: 2F
2-2: Fly out, F8 (Flyball, 8RXD)
Runner from 3rd tags up, SCORES, no throw
Batting: RHB Dani Vázquez 0-0: Called Strike
0-1: Foul Ball, location: 2F
0-2: Foul Ball, location: 2F
0-2: Ball
1-2: Ball
2-2: Ball
3-2: Fly out, F9 (Flyball, 9M)
Top of the 1st over - 5 run(s), 4 hit(s), 0 error(s), 1 left on base; Portland 5 - Austin 0
BOTTOM OF THE 1ST
Austin River Sharks batting - Pitching for Portland Cards : LHP Allan Bader
Pitching: LHP Allan Bader
Batting: RHB Tyler Wagner 0-0: SINGLE (Groundball, 6MD)
Batting: RHB Orlando Bruno 0-0: Called Strike
0-1: Foul Ball, location: 2F
0-2: Ball
1-2: Foul Ball, location: 2F
1-2: Foul Ball, location: 2F
1-2: Ball
2-2: Strikes out swinging
Batting: RHB Kenneth Roberts 0-0: Ball
1-0: Grounds into double play, 5-4-3 (Groundball, 5)
Bottom of the 1st over - 0 run(s), 1 hit(s), 0 error(s), 0 left on base; Portland 5 - Austin 0
TOP OF THE 2ND
Portland Cards batting - Pitching for Austin River Sharks : RHP Juan González
Batting: LHB John Cotton 0-0: Called Strike
0-1: Fly out, F6 (Popup, 56)
Batting: LHB Keith Beard 0-0: Swinging Strike
0-1: Ball
1-1: Ball
2-1: SINGLE (Groundball, 4MD)
Batting: LHB Jeff Daniels 0-0: Ball
1-0: Called Strike
1-1: Swinging Strike
1-2: Strikes out swinging
Batting: LHB Paul Mullins 0-0: Ground out 1-3 (Groundball, 15)
Top of the 2nd over - 0 run(s), 1 hit(s), 0 error(s), 1 left on base; Portland 5 - Austin 0
BOTTOM OF THE 2ND
Austin River Sharks batting - Pitching for Portland Cards : LHP Allan Bader
Batting: SHB Juan Castro 0-0: Foul Ball, location: 2F
0-1: Ball
1-1: DOUBLE (Groundball, 5L)
Batting: LHB Pedro Zaragoza 0-0: Ball
1-0: Foul Ball, location: 2F
1-1: Foul Ball, location: 2F
1-2: Ground out 5-3 (Groundball, 56S)
Juan Castro to third
Batting: LHB Terry Maloney 0-0: Ball
1-0: Foul Ball, location: 2F
1-1: Swinging Strike
1-2: Ground out 4-3 (Groundball, 4)
Juan Castro scores
Batting: RHB Carlos Pérez 0-0: Foul Ball, location: 2F
0-1: Ball
1-1: Called Strike
1-2: DOUBLE (Line Drive, 7LM)
Batting: SHB John Miller 0-0: Called Strike
0-1: Swinging Strike
0-2: Strikes out swinging
Bottom of the 2nd over - 1 run(s), 2 hit(s), 0 error(s), 1 left on base; Portland 5 - Austin 1
TOP OF THE 3RD
Portland Cards batting - Pitching for Austin River Sharks : RHP Juan González
Batting: LHB Donovan Bird 0-0: Foul Ball, location: 2F
0-1: Ball
1-1: Ball
2-1: SINGLE (Groundball, 34D)
Batting: RHB Aaron Scott 0-0: Swinging Strike
0-1: Called Strike
0-2: Ball
1-2: Foul Ball, location: 2F
1-2: Strikes out swinging
Batting: LHB Tom Blake 0-0: SINGLE (Groundball, 4MD)
Donovan Bird to second
Batting: RHB Germán Rosales 0-0: Fly out, F7 (Line Drive, 78M)
Batting: RHB Dani Vázquez 0-0: Called Strike
0-1: Foul Ball, location: 2F
0-2: Ground out 4-3 (Groundball, 4)
Top of the 3rd over - 0 run(s), 2 hit(s), 0 error(s), 2 left on base; Portland 5 - Austin 1
BOTTOM OF THE 3RD
Austin River Sharks batting - Pitching for Portland Cards : LHP Allan Bader
Batting: RHB Ingo Backx 0-0: Foul Ball, location: 2F
0-1: Ball
1-1: Fly out, F4 (Popup, 34)
Batting: RHB Tyler Wagner 0-0: Ball
1-0: Ball
2-0: Ball
3-0: Called Strike
3-1: Foul Ball, location: 2F
3-2: Base on Balls
Batting: RHB Orlando Bruno 0-0: Called Strike
0-1: Grounds into double play, U6-3 (Groundball, 6M)
Bottom of the 3rd over - 0 run(s), 0 hit(s), 0 error(s), 0 left on base; Portland 5 - Austin 1
TOP OF THE 4TH
Portland Cards batting - Pitching for Austin River Sharks : RHP Juan González
Batting: LHB John Cotton 0-0: Swinging Strike
0-1: Foul Ball, location: 2F
0-2: Ball
1-2: Ball
2-2: Ball
3-2: Foul Ball, location: 2F
3-2: Fly out, F8 (Flyball, 8RM)
Batting: LHB Keith Beard 0-0: Ball
1-0: Called Strike
1-1: Ball
2-1: Foul Ball, location: 2F
2-2: Fly out, F4 (Popup, 3DF)
Batting: LHB Jeff Daniels 0-0: Called Strike
0-1: Ball
1-1: Ball
2-1: Fly out, F8 (Flyball, 8LS)
Top of the 4th over - 0 run(s), 0 hit(s), 0 error(s), 0 left on base; Portland 5 - Austin 1
BOTTOM OF THE 4TH
Austin River Sharks batting - Pitching for Portland Cards : LHP Allan Bader
Batting: RHB Kenneth Roberts 0-0: Called Strike
0-1: Ball
1-1: Ground out 5-3 (Groundball, 5)
Batting: SHB Juan Castro 0-0: Ball
1-0: SINGLE (Line Drive, 4D)
Batting: LHB Pedro Zaragoza 0-0: Ball
1-0: Foul Ball, location: 2F
1-1: Called Strike
1-2: Fly out, F7 (Flyball, 78D)
Batting: LHB Terry Maloney 0-0: Called Strike
0-1: Called Strike
0-2: Ball
1-2: Ground out 1-3 (Groundball, 15)
Bottom of the 4th over - 0 run(s), 1 hit(s), 0 error(s), 1 left on base; Portland 5 - Austin 1
TOP OF THE 5TH
Portland Cards batting - Pitching for Austin River Sharks : RHP Juan González
Batting: LHB Paul Mullins 0-0: Ball
1-0: Called Strike
1-1: Ball
2-1: Foul Ball, location: 2F
2-2: Ball
3-2: Foul Ball, location: 2F
3-2: Ground out 4-3 (Groundball, 4)
Batting: LHB Donovan Bird 0-0: Ball
1-0: Ball
2-0: Ball
3-0: Called Strike
3-1: Called Strike
3-2: Base on Balls
Batting: RHB Aaron Scott 0-0: Called Strike
0-1: Ball
1-1: Ball
2-1: Ball
3-1: Base on Balls
Donovan Bird to second
Batting: LHB Tom Blake 0-0: Ball
1-0: Foul Ball, location: 2F
1-1: SINGLE (Groundball, 56D)
Donovan Bird to third
Aaron Scott to second
Runner from 3rd tries for Home, SAFE, throw made home
Aaron Scott to third
Tom Blake to second
Pitching: RHP Lorenzo Vargas
Batting: RHB Germán Rosales 0-0: Ball
1-0: Called Strike
1-1: Ball
2-1: Ball
3-1: Fly out, F9 (Flyball, 9D)
Runner from 3rd tags up, SCORES, no throw
Tom Blake to third
Batting: RHB Dani Vázquez 0-0: Ground out 5-3 (Groundball, 56)
Top of the 5th over - 2 run(s), 1 hit(s), 0 error(s), 1 left on base; Portland 7 - Austin 1
BOTTOM OF THE 5TH
Austin River Sharks batting - Pitching for Portland Cards : LHP Allan Bader
Batting: RHB Carlos Pérez 0-0: Ball
1-0: Ball
2-0: Swinging Strike
2-1: Ball
3-1: SINGLE (Line Drive, 8LS)
Batting: SHB John Miller 0-0: SINGLE (Groundball, 25) (infield hit)
Carlos Pérez to second
Batting: RHB Ingo Backx 0-0: Called Strike
0-1: Ball
1-1: Ball
2-1: Called Strike
2-2: Ball
3-2: Base on Balls
Carlos Pérez to third
John Miller to second
Batting: RHB Tyler Wagner 0-0: Called Strike
0-1: Ball
1-1: Called Strike
1-2: Fly out, F8 (Flyball, 8LS)
Batting: RHB Orlando Bruno 0-0: Called Strike
0-1: Ball
1-1: Swinging Strike
1-2: Fly out, F5 (Line Drive, 5)
Batting: RHB Kenneth Roberts 0-0: SINGLE (Groundball, 56)
Carlos Pérez scores
John Miller to third
Ingo Backx to second
Runner from 3rd tries for Home, SAFE, no throw or cutoff
Batting: SHB Juan Castro 0-0: Ball
1-0: Ground out 6-3 (Groundball, 6)
Bottom of the 5th over - 2 run(s), 3 hit(s), 0 error(s), 2 left on base; Portland 7 - Austin 3
TOP OF THE 6TH
Portland Cards batting - Pitching for Austin River Sharks : RHP Lorenzo Vargas
Batting: LHB John Cotton 0-0: Called Strike
0-1: Ball
1-1: Called Strike
1-2: Ground out 4-3 (Groundball, 4)
Batting: LHB Keith Beard 0-0: Ball
1-0: Ball
2-0: Ball
3-0: Called Strike
3-1: Foul Ball, location: 2F
3-2: Base on Balls
Batting: LHB Jeff Daniels 0-0: Called Strike
0-1: Called Strike
0-2: Ball
1-2: Strikes out looking
Batting: LHB Paul Mullins 0-0: Called Strike
0-1: 2-RUN HOME RUN (Flyball, 89XD), Distance : 398 ft
Batting: LHB Donovan Bird 0-0: Ball
1-0: Ball
2-0: Foul Ball, location: 2F
2-1: Swinging Strike
2-2: Ball
3-2: Base on Balls
Batting: RHB Aaron Scott 0-0: Ball
Donovan Bird steals 2nd base
1-0: Swinging Strike
1-1: Foul Ball, location: 2F
1-2: Ball
2-2: Ball
3-2: Foul Ball, location: 2F
3-2: Base on Balls
Batting: LHB Tom Blake 0-0: Ball
1-0: Fly out, F8 (Flyball, 89XD)
Top of the 6th over - 2 run(s), 1 hit(s), 0 error(s), 2 left on base; Portland 9 - Austin 3
BOTTOM OF THE 6TH
Austin River Sharks batting - Pitching for Portland Cards : LHP Allan Bader
Batting: LHB Pedro Zaragoza 0-0: Ball
1-0: Ground out 2-3 (Groundball, 2L)
Batting: LHB Terry Maloney 0-0: Ball
1-0: Called Strike
1-1: Foul Ball, location: 2F
1-2: Ground out 4-3 (Groundball, 4)
Batting: RHB Carlos Pérez 0-0: Called Strike
0-1: Called Strike
0-2: Ball
1-2: Ground out 6-3 (Groundball, 6)
Bottom of the 6th over - 0 run(s), 0 hit(s), 0 error(s), 0 left on base; Portland 9 - Austin 3
TOP OF THE 7TH
Portland Cards batting - Pitching for Austin River Sharks : RHP Lorenzo Vargas
Pitching: RHP Ricardo Sánchez
Batting: RHB Germán Rosales 0-0: Ball
1-0: Ground out 6-3 (Groundball, 6M)
Batting: RHB Dani Vázquez 0-0: Ball
1-0: Ball
2-0: Called Strike
2-1: Ball
3-1: Called Strike
3-2: Foul Ball, location: 2F
3-2: Base on Balls
Batting: LHB John Cotton 0-0: Called Strike
0-1: Ball
1-1: Ball
2-1: Called Strike
2-2: Ball
3-2: Foul Ball, location: 2F
3-2: Grounds into double play, U3-6 (Groundball, 3L)
Top of the 7th over - 0 run(s), 0 hit(s), 0 error(s), 0 left on base; Portland 9 - Austin 3
BOTTOM OF THE 7TH
Austin River Sharks batting - Pitching for Portland Cards : LHP Allan Bader
Pitching: RHP Eusébio Lagarto
Batting: SHB John Miller 0-0: Ball
1-0: Fly out, F5 (Popup, 5F)
Batting: RHB Ingo Backx 0-0: Called Strike
0-1: Ball
1-1: Ball
2-1: Called Strike
2-2: Strikes out swinging
Batting: RHB Tyler Wagner 0-0: Foul Ball, location: 2F
0-1: Ground out 1-3 (Groundball, 13S)
Bottom of the 7th over - 0 run(s), 0 hit(s), 0 error(s), 0 left on base; Portland 9 - Austin 3
TOP OF THE 8TH
Portland Cards batting - Pitching for Austin River Sharks : RHP Ricardo Sánchez
Batting: LHB Keith Beard 0-0: Swinging Strike
0-1: Ball
1-1: Ball
2-1: Foul Ball, location: 2F
2-2: Ground out 4-3 (Groundball, 13)
Batting: LHB Jeff Daniels 0-0: Ball
1-0: Ground out 4-3 (Groundball, 4M)
Batting: LHB Paul Mullins 0-0: Ball
1-0: Called Strike
1-1: Ball
2-1: SINGLE (Line Drive, 9LS)
Batting: LHB Donovan Bird 0-0: Foul Ball, location: 2F
0-1: Foul Ball, location: 2F
0-2: Strikes out swinging
Top of the 8th over - 0 run(s), 1 hit(s), 0 error(s), 1 left on base; Portland 9 - Austin 3
BOTTOM OF THE 8TH
Austin River Sharks batting - Pitching for Portland Cards : RHP Eusébio Lagarto
Batting: RHB Orlando Bruno 0-0: Called Strike
0-1: Foul Ball, location: 2F
0-2: Ball
1-2: Ball
2-2: Foul Ball, location: 2F
2-2: SINGLE (Groundball, 6MD)
Batting: RHB Kenneth Roberts 0-0: Called Strike
0-1: Ball
1-1: Ball
2-1: Foul Ball, location: 2F
2-2: Ball
3-2: Ground out 6-3 (Groundball, 6)
Orlando Bruno to second
Batting: SHB Juan Castro 0-0: Called Strike
0-1: Ball
1-1: Ball
2-1: Ball
Wild Pitch!
Orlando Bruno to third
3-1: Base on Balls
Batting: LHB Pedro Zaragoza 0-0: Ball
1-0: Called Strike
1-1: Ball
2-1: Ball
3-1: Called Strike
3-2: Strikes out swinging
Batting: LHB Terry Maloney 0-0: Fly out, F7 (Line Drive, 78M)
Bottom of the 8th over - 0 run(s), 1 hit(s), 0 error(s), 2 left on base; Portland 9 - Austin 3
TOP OF THE 9TH
Portland Cards batting - Pitching for Austin River Sharks : RHP Ricardo Sánchez
Pitching: RHP Jim Hendon
Batting: RHB Aaron Scott 0-0: Ball
1-0: Called Strike
1-1: Foul Ball, location: 2F
1-2: SINGLE (Line Drive, 9LM)
Batting: LHB Tom Blake 0-0: Sac Bunt - play at second, runner OUT! 2-6
Batting: RHB Germán Rosales 0-0: Ball
1-0: Ball
2-0: Foul Ball, location: 2F
2-1: Ground out 6-3 (Groundball, 6)
Tom Blake to second
Batting: RHB Dani Vázquez 0-0: Ball
1-0: Ball
2-0: Foul Ball, location: 2F
2-1: Ball
3-1: Base on Balls
Batting: LHB John Cotton 0-0: Ball
1-0: Ball
2-0: Ball
3-0: Swinging Strike
3-1: Fielders Choice at 2nd, 6-4 (Groundball, 6)
Top of the 9th over - 0 run(s), 1 hit(s), 0 error(s), 1 left on base; Portland 9 - Austin 3
BOTTOM OF THE 9TH
Austin River Sharks batting - Pitching for Portland Cards : RHP Eusébio Lagarto
Batting: RHB Carlos Pérez 0-0: Ball
1-0: Foul Ball, location: 2F
1-1: Ball
2-1: Foul Ball, location: 2F
2-2: Strikes out swinging
Batting: SHB John Miller 0-0: SINGLE (Flyball, 7S)
Batting: RHB Ingo Backx 0-0: SINGLE (Groundball, 34D)
John Miller to second
John Miller to third
Batting: RHB Tyler Wagner 0-0: Ball
1-0: Ball
2-0: Fly out, F9 (Flyball, 9M)
Runner from 3rd tags up, SCORES, throw made
Batting: RHB Orlando Bruno 0-0: Swinging Strike
0-1: Fielders Choice at 2nd, U6 (Groundball, 6M)
Bottom of the 9th over - 1 run(s), 2 hit(s), 0 error(s), 1 left on base; Portland 9 - Austin 4
Monday, December 5th, 2016 - OOTP Baseball 17.12 Build 75